 Dungeon Crawl Stone Soup version 0.22-a0-396-g3f858e3 (webtiles) character file.

2305 Borgoz the Cleaver (level 9, -6/80 HPs)
             Began as a Minotaur Gladiator on May 3, 2018.
             Mangled by Grum
             ... wielding a -2 glaive
              (7 damage)
             ... on level 8 of the Dungeon.
             The game lasted 00:08:29 (6150 turns).

Borgoz the Cleaver (Minotaur Gladiator)             Turns: 6150, Time: 00:08:29

Health: -6/80      AC: 11    Str: 24    XL:     9   Next: 18%
Magic:  8/8        EV: 15    Int:  5    God:
Gold:   92         SH:  0    Dex: 15    Spells: 8/8 levels left

rFire    . . .     SeeInvis +   a - +0 war axe
rCold    + . .     Gourm    .   (no shield)
rNeg     . . .     Faith    .   q - +0 scale mail
rPois    .         Spirit   .   c - +0 hat
rElec    .         Reflect  .   (no cloak)
rCorr    .         Harm     .   (no gloves)
MR       .....                  v - +2 pair of boots {Stlth+}
Stlth    +.........             (no amulet)
HPRegen  0.23/turn              s - ring of see invisible
MPRegen  0.11/turn              r - ring of protection from cold

@: mighty
A: retaliatory headbutt, horns 2
a: no special abilities


You were on level 8 of the Dungeon.
You were hungry.

You visited 2 branches of the dungeon, and saw 9 of its levels.

You collected 367 gold pieces.
You spent 275 gold pieces at shops.

Inventory:

Hand Weapons
 a - a +0 war axe (weapon)
 C - a +2 quarterstaff of chaos
Missiles
 d - 3 throwing nets (quivered)
Armour
 c - a +0 hat (worn)
 q - a +0 scale mail (worn)
 v - a +2 pair of boots of stealth (worn)
Jewellery
 r - a ring of protection from cold (right hand)
 s - a ring of see invisible (left hand)
Wands
 t - a wand of digging (14)
 z - a wand of disintegration (15)
Scrolls
 b - a scroll of immolation {unknown}
 e - 6 scrolls of enchant weapon {unknown}
 j - a scroll of remove curse {unknown}
 k - 5 scrolls of teleportation {unknown}
 l - 3 scrolls of enchant armour {unknown}
 o - a scroll of amnesia {unknown}
 y - 2 scrolls of identify {unknown}
 A - a scroll of silence {unknown}
 B - a scroll of magic mapping {unknown}
 D - a scroll of fog {unknown}
Potions
 g - 3 potions of haste {unknown}
 h - 3 potions of might
 i - a potion of curing {unknown}
 n - a potion of ambrosia {unknown}
 p - a potion of brilliance {unknown}
 u - a potion of resistance {unknown}
 w - 2 potions of flight {unknown}
 x - a potion of cancellation {unknown}
 E - a potion of berserk rage {unknown}
Comestibles
 f - 13 rations
 F - 4 chunks of flesh


   Skills:
 + Level 7.7 Fighting
 + Level 8.2 Axes
 - Level 2.0 Throwing
 + Level 7.1 Armour
 + Level 7.5 Dodging


You had 8 spell levels left.
You didn't know any spells.

Dungeon Overview and Level Annotations

Branches:
Dungeon (8/15)             Temple (1/1) D:4
   Lair: D:8-11

Altars:
Ashenzari
Cheibriados
Dithmenos
Elyvilon
Fedhas
Gozag
Hepliaklqana
Kikubaaqudgha
Makhleb
Nemelex Xobeh
Okawaru
Qazlal
Ru
Sif Muna
Trog
Uskayaw
Vehumet
The Shining One

Shops:
D:4 =   D:6 !!

Annotations:
D:8 Grum


Innate Abilities, Weirdness & Mutations

You reflexively headbutt those who attack you in melee.
You have a pair of horns on your head.


Message History

You feel much better. The wolf bites you!
* * * LOW HITPOINT WARNING * * *
The wolf closely misses you. Grum barely misses you. The wolf misses you.
You feel very mighty all of a sudden.
You are feeling hungry.
The wolf misses you. The wolf bites you.
* * * LOW HITPOINT WARNING * * *
The wolf bites you!
* * * LOW HITPOINT WARNING * * *
Grum closely misses you.
You miss the wolf. Your headbutt misses the wolf.
The wolf is moderately wounded.
You slash the wolf!
You kill the wolf!
The wolf bites you but does no damage. The wolf bites you!
* * * LOW HITPOINT WARNING * * *
Unknown command.
The wolf barely misses you. You furiously retaliate!
You headbutt the wolf! Grum hits you with a glaive!
You die...

## ### #.
#.#####.# ## .##
##.......# ...
#..###.######.##
#..# #....##
#..###....#
#.##..##
#..@g....#
##.###..#
##..h.....# #..#
##.####.####....#
#.## ##.##..#
.###.# ##.##
##...## # .
#...### #.......#
.##...####.###...#
# ####....## ##.#
##...## ..


You could see Grum and a wolf.

Vanquished Creatures
  A wyvern (D:8)
  An ice beast (D:4)
  An orc warrior (D:7)
  A sky beast (D:6)
  3 wolves (D:8)
  2 centaurs (D:6)
  A big kobold (D:7)
  5 bullfrogs
  2 scorpions
  A water moccasin skeleton (D:6)
  A howler monkey (D:4)
  4 wights
  2 crimson imps
  2 bullfrog skeletons
  6 hounds
  An orc priest (D:7)
  Crazy Yiuf (D:7)
  2 worker ants (D:4)
  An iguana (D:6)
  2 orc wizards
  A hound zombie (D:7)
  3 gnolls (D:5)
  8 adders
  An adder zombie (D:6)
  An ooze (D:2)
  An adder skeleton (D:4)
  A worm (D:2)
  3 dart slugs
  4 leopard geckos
  8 orcs
  3 ball pythons
  15 giant cockroaches
  5 hobgoblins
  8 jackals (D:1)
  5 quokkas
  3 bats (D:1)
  5 frilled lizards
  9 goblins
  13 kobolds
  2 leopard gecko skeletons
  A quokka skeleton (D:6)
  4 rats
144 creatures vanquished.

Notes
Turn   | Place    | Note
-------+----------+-------------------------------------------
     0 | D:1      | Borgoz the Minotaur Gladiator began the quest for the Orb.
     0 | D:1      | Reached XP level 1. HP: 18/18 MP: 0/0
    42 | D:1      | Reached XP level 2. HP: 17/25 MP: 1/1
   152 | D:1      | Reached skill level 1 in Armour
   240 | D:1      | Reached skill level 4 in Axes
   286 | D:1      | Reached XP level 3. HP: 29/31 MP: 2/2
  1032 | D:2      | Found an iron altar of Okawaru.
  1244 | D:2      | Reached XP level 4. HP: 38/38 MP: 3/3
  1500 | D:3      | Found a blossoming altar of Fedhas.
  1501 | D:3      | Found a sacrificial altar of Ru.
  1696 | D:3      | Found a deep blue altar of Sif Muna.
  1815 | D:3      | Found a hazy altar of Hepliaklqana.
  2118 | D:4      | Reached XP level 5. HP: 36/46 MP: 4/4
  2220 | D:4      | Found Zogon's Jewellery Shop.
  2223 | D:4      | Bought an uncursed ring of see invisible for 165 gold pieces
  2263 | D:4      | Reached skill level 5 in Axes
  2296 | D:4      | Noticed an ice beast
  2305 | D:4      | Killed an ice beast
  2305 | D:4      | Reached XP level 6. HP: 20/53 MP: 5/5
  2694 | D:4      | Reached skill level 5 in Dodging
  2946 | D:4      | Reached skill level 5 in Fighting
  2951 | D:4      | Reached XP level 7. HP: 61/61 MP: 6/6
  3040 | D:4      | Found a shadowy altar of Dithmenos.
  3176 | D:4      | Found a staircase to the Ecumenical Temple.
  3268 | Temple   | Entered the Ecumenical Temple
  3481 | D:5      | Entered Level 5 of the Dungeon
  3803 | D:5      | Reached skill level 6 in Axes
  4542 | D:6      | Reached skill level 5 in Armour
  4774 | D:6      | Reached XP level 8. HP: 47/70 MP: 7/7
  5019 | D:6      | Reached skill level 7 in Axes
  5106 | D:6      | Found Tifin's Distillery.
  5111 | D:6      | Bought a potion of might for 40 gold pieces
  5201 | D:6      | Found Xikong's Distillery.
  5204 | D:6      | Bought a potion of heal wounds for 70 gold pieces
  5883 | D:7      | Found a deep blue altar of Sif Muna.
  6013 | D:7      | Found a runed door.
  6017 | D:7      | Noticed Crazy Yiuf
  6021 | D:7      | Killed Crazy Yiuf
  6066 | D:8      | Reached skill level 8 in Axes
  6066 | D:8      | Reached XP level 9. HP: 59/79 MP: 6/8
  6133 | D:8      | Noticed Grum
  6146 | D:8      | HP: 2/80 [wolf[Grum] (9)]
  6150 | D:8      | Mangled by Grum

Vault maps used:
D:1:      minmay_arrival_four_circles
D:2:      minmay_roachtagon, okawaru_trees_2
D:3:      nicolae_overflow_hidden_temple,
          chequers_temple_overflow_statue_of_worship, lemuel_tele_altar
D:4:      grunt_dithmenos_smoke_and_mirrors, minmay_temple_entry_junction,
          first_ration, serial_shops, kennysheep_mini_moat, minmay_hedge_maze,
          solitary_fountain
D:6:      serial_shops, shop, shop
D:7:      led_sif_pool, corexii_checkpoint_b, uniq_crazy_yiuf_cottage
D:8:      uniq_grum, uniq_pikel, uniq_joseph
Temple:   nicolae_temple_hex_pool

Skill      XL: |  1  2  3  4  5  6  7  8  9 |
---------------+----------------------------+-----
Armour         | 1 2 3 4 5 6 7 |  7.1
Axes           | 4 5 6 8 |  8.2
Fighting       | 3 4 5 6 7 |  7.7
Dodging        | 4 5 6 7 |  7.5
Throwing       | |  2.0

Action                   |  1- 3 |  4- 6 |  7- 9 || total
-------------------------+-------+-------+-------++-------
Melee: War axe           |    76 |   104 |   184 ||   364
       Headbutt          |     8 |    17 |    42 ||    67
  Use: Potion            |       |       |     4 ||     4
 Stab: Sleeping          |     1 |       |       ||     1
  Eat: Chunk             |     1 |     5 |     7 ||    13
       Ration            |       |       |     1 ||     1
Armor: Leather armour    |    19 |       |       ||    19
       Scale mail        |       |    37 |    79 ||   116
Dodge: Dodged            |    63 |    72 |   148 ||   283

Table legend:
 A = Spawn XP
 B = Non-spawn XP
 C = Spawn XP percentage of total XP
 D = Spawn monster count
 E = Non-spawn monster count
 F = Spawn count percentage of total count
 G = Total turns spent on level
                    A         B        C        D         E        F      G
               +---------+---------+-------+---------+---------+-------+---------
         Total |       0 |    3293 |   0.0 |       0 |     144 |   0.0 |  6150
               +---------+---------+-------+---------+---------+-------+---------
           D:1 |       0 |      46 |   0.0 |       0 |      27 |   0.0 |   440
           D:2 |       0 |      52 |   0.0 |       0 |      23 |   0.0 |  1035
           D:3 |       0 |      61 |   0.0 |       0 |      14 |   0.0 |   637
           D:4 |       0 |     668 |   0.0 |       0 |      22 |   0.0 |  1537
           D:5 |       0 |     349 |   0.0 |       0 |      13 |   0.0 |   781
           D:6 |       0 |     840 |   0.0 |       0 |      17 |   0.0 |   861
           D:7 |       0 |     670 |   0.0 |       0 |      23 |   0.0 |   648
           D:8 |       0 |     607 |   0.0 |       0 |       5 |   0.0 |   103
               +---------+---------+-------+---------+---------+-------+---------
